AoeStats
← jbw6792

Arena

510481986Analyzed
4v4 RM · 13h ago on Oct 1, 2026· 77m 23s· 8 players
Game mode
Random Map
Map size
Large (8 player)
Population
200
Speed
Normal
Resources
Standard
Victory
Conquest
Starting age
Dark Age
Ending age
Imperial Age
RankedLock teamsTeams togetherTeam positionsShared explorationLock speedFull tech treeHidden civsTurbo modeCheats
Victory
Defeat
🇨🇳 Romans · China
1091
+10
🇨🇳 Franks · China
1007
+14
🇳🇴 Ethiopians · Norway
967
+15
🇨🇳 Mongols · China
915
+18
🇨🇳 Gurjaras · China
1124
-21
🇨🇳 Varangians · China
978
-15
🇦🇺 Danes · Australia
921
-13
🇨🇳 Spanish · China
803
-8
jbw6792
12:00 Feudal Age
16:14 Castle Age
14:12 Double-Bit Axe
15:14 Stone Mining
15:10 Horse Collar
19:27 Bow Saw
24:53 Wheelbarrow
31:04 Imperial Age
28:51 Hand Cart
29:31 Squires
29:16 Arson
30:09 Forging
30:00 Scale Mail Armor
30:44 Gold Mining
31:30 Stone Shaft Mining
32:12 Gold Shaft Mining
31:05 Hamask
31:09 Elite Jomsviking
32:13 Conscription
32:10 Heavy Plow
34:17 Chain Mail Armor
34:38 Iron Casting
33:31 Northmen's Fury
34:43 Onager
35:40 Siege Engineers
36:28 Plate Mail Armor
39:08 Blast Furnace
38:31 Siege Onager
39:14 Elite Varangian Guard
42:58 Fletching
53:06 Masonry
60:23 Loom
65:59 Pikeman
push it
10:05 Feudal Age
11:13 Double-Bit Axe
17:39 Castle Age
19:20 Fletching
22:50 Ballistics
27:34 Horse Collar
31:21 Gold Mining
33:02 Bodkin Arrow
37:20 Imperial Age
35:46 Bow Saw
36:42 Wheelbarrow
38:39 Hand Cart
39:30 Chemistry
39:10 Loom
39:56 Conscription
40:32 Elite Conquistador
43:40 Murder Holes
43:51 Bracer
43:52 Padded Archer Armor
52:00 Pikeman
54:39 Leather Archer Armor
66:57 Arrowslits
68:38 Ring Archer Armor
72:45 Fortified Wall
76:37 Stone Mining
76:56 Scale Barding Armor
77:26 Masonry
laoBB
0:46 Loom
11:13 Feudal Age
12:00 Double-Bit Axe
16:36 Castle Age
15:30 Stone Mining
17:54 Wheelbarrow
17:32 Bow Saw
43:21 Horse Collar
46:36 Squires
46:21 Arson
48:56 Heavy Plow
49:12 Hand Cart
49:34 Forging
49:15 Gambesons
51:12 Pikeman
52:32 Scale Mail Armor
56:46 Iron Casting
56:27 Chain Mail Armor
56:47 Caravan
57:18 Coinage
60:20 Imperial Age
60:08 Gold Mining
61:17 Stone Shaft Mining
60:33 Halberdier
60:47 Light Cavalry
61:37 Bloodlines
61:48 Husbandry
62:24 Banking
63:07 Two-Man Saw
62:40 Crop Rotation
67:59 Blast Furnace
68:58 Plate Mail Armor
69:08 Capped Ram
70:43 Siege Ram
72:47 Fletching
72:57 Padded Archer Armor
73:38 Elite Skirmisher
76:39 Scale Barding Armor
78:33 Chemistry
212727567
0:31 Loom
11:04 Feudal Age
16:54 Castle Age
16:30 Double-Bit Axe
16:26 Horse Collar
16:38 Gold Mining
19:47 Forging
22:39 Bloodlines
23:16 Husbandry
23:29 Town Watch
28:21 Wheelbarrow
29:45 Gold Shaft Mining
29:01 Stone Mining
34:00 Imperial Age
31:12 Treadmill Crane
32:27 Hand Cart
32:28 Bow Saw
33:59 Town Patrol
34:38 Iron Casting
34:08 Scale Barding Armor
34:06 Heavy Camel Rider
36:03 Redemption
36:45 Stone Shaft Mining
36:36 Chain Barding Armor
36:07 Fletching
35:57 Light Cavalry
38:07 Plate Barding Armor
38:44 Illumination
38:59 Theocracy
38:49 Kshatriyas
39:57 Chemistry
39:19 Ballistics
39:06 Bodkin Arrow
38:34 Hussar
40:17 Frontier Guards
40:15 Bracer
40:56 Conscription
41:25 Fervor
41:47 Padded Archer Armor
42:06 Fortified Wall
44:55 Guard Tower
45:02 Murder Holes
45:25 Leather Archer Armor
45:32 Thumb Ring
44:47 Elite Elephant Archer
46:36 Keep
46:12 Masonry
50:23 Architecture
51:01 Scale Mail Armor
54:44 Chain Mail Armor
61:29 Plate Mail Armor
阿炳弟弟
12:47 Feudal Age
13:28 Double-Bit Axe
13:36 Stone Mining
13:39 Gold Mining
14:30 Horse Collar
15:29 Wheelbarrow
20:53 Castle Age
20:07 Forging
19:51 Fletching
20:03 Padded Archer Armor
20:45 Bloodlines
21:04 Scale Barding Armor
22:19 Bodkin Arrow
22:53 Heavy Plow
23:25 Bow Saw
23:47 Husbandry
26:15 Iron Casting
27:00 Leather Archer Armor
27:37 Chain Barding Armor
28:30 Gold Shaft Mining
29:20 Ballistics
30:10 Murder Holes
32:02 Fortified Wall
36:11 Imperial Age
34:13 Masonry
35:10 Thumb Ring
38:19 Chemistry
38:22 Blast Furnace
37:22 Bracer
38:38 Conscription
39:16 Hoardings
40:08 Parthian Tactics
41:23 Elite Mangudai
Felix
10:04 Feudal Age
9:26 Loom
13:41 Castle Age
12:19 Double-Bit Axe
13:12 Gold Mining
24:33 Bow Saw
29:24 Wheelbarrow
28:23 Pikeman
29:41 Scale Mail Armor
31:21 Chain Mail Armor
31:31 Stone Mining
32:01 Horse Collar
33:00 Squires
33:14 Forging
35:25 Heavy Plow
38:23 Imperial Age
36:58 Iron Casting
36:35 Man-at-Arms
37:09 Fletching
37:45 Long Swordsman
38:29 Halberdier
40:12 Blast Furnace
38:41 Long Swordsman
39:50 Conscription
39:48 Legionary
42:34 Comitatenses
42:21 Ballistas
42:52 Ballistas
48:07 Siege Engineers
48:54 Bodkin Arrow
49:15 Heavy Scorpion
53:48 Crop Rotation
55:43 Padded Archer Armor
55:42 Murder Holes
55:58 Masonry
59:59 Caravan
69:54 Hand Cart
MIN
11:27 Feudal Age
15:35 Castle Age
13:52 Double-Bit Axe
16:35 Forging
20:27 Scale Barding Armor
24:04 Iron Casting
25:04 Chain Barding Armor
26:29 Wheelbarrow
27:55 Bow Saw
29:06 Hand Cart
28:54 Gold Mining
31:35 Gold Shaft Mining
34:15 Imperial Age
34:26 Cavalier
35:09 Husbandry
37:04 Blast Furnace
36:18 Paladin
37:24 Conscription
39:18 Plate Barding Armor
70:43 Chemistry
kris10an
10:30 Feudal Age
14:29 Castle Age
26:46 Fortified Wall
29:32 Elite Skirmisher
30:06 Fletching
30:24 Padded Archer Armor
36:51 Imperial Age
34:57 Wheelbarrow
34:11 Double-Bit Axe
34:13 Horse Collar
35:26 Ballistics
35:07 Bodkin Arrow
35:28 Leather Archer Armor
35:07 Arson
35:22 Squires
37:03 Heavy Scorpion
37:51 Torsion Engines
38:12 Conscription
39:12 Chemistry
41:02 Hand Cart
41:12 Bracer
41:43 Ring Archer Armor
43:07 Thumb Ring
43:28 Elite Shotel Warrior
45:24 Royal Heirs
45:36 Forging
45:27 Scale Mail Armor
47:18 Iron Casting
47:49 Chain Mail Armor
49:18 Blast Furnace
55:01 Blast Furnace
54:16 Chain Mail Armor
55:37 Caravan
62:09 Plate Mail Armor
62:03 Town Watch
63:46 Bow Saw
63:40 Town Patrol
64:15 Halberdier
69:03 Capped Ram
70:15 Siege Ram
71:44 Siege Engineers
76:14 Two-Man Saw
Connection lost

Rejoining the realm…

Still unreachable

The connection could not be restored.

Session expired

The server has moved on; the page needs a fresh start.